 Dungeon Crawl Stone Soup version 0.19-a0-1608-g4cf22de (webtiles) character file.

4 jacquesderrida the Charmwright (level 1, -1/11 HPs)
             Began as a Vine Stalker Skald on Sept 17, 2016.
             Slain by Terence
             ... wielding a +0 short sword
              (4 damage)
             ... on level 2 of the Dungeon.
             The game lasted 00:00:18 (185 turns).

jacquesderrida the Charmwright (Vine Stalker Skald)  Turns: 185, Time: 00:00:19

Health: -1/11      AC:  3    Str: 14    XL:     1   Next: 70%
Magic:  0/4        EV: 11    Int: 12    God:
Gold:   31         SH:  0    Dex: 13    Spells: 1 memorised, 3 levels left

rFire  . . .     SeeInvis .     a - +0 falchion
rCold  . . .     Gourm    .     b - +0 leather armour
rNeg   . . .     Faith    .     (no shield)
rPois  .         Spirit   +     (no helmet)
rElec  .         Dismiss  .     (no cloak)
rCorr  .         Reflect  .     (no gloves)
MR     .....     Harm     .     (no boots)
Stlth  +.........               (no amulet)
                                (no ring)
                                (no ring)

@: no status effects
A: fangs 2, magic shield, antimagic bite, no device heal 3, rot immunity
a: no special abilities


You were on level 2 of the Dungeon.
You were not hungry.

You visited 1 branch of the dungeon, and saw 2 of its levels.

You collected 31 gold pieces.

Inventory:

Hand Weapons
 a - a +0 falchion (weapon)
Armour
 b - a +0 leather armour (worn)
Scrolls
 e - 2 scrolls of identify {unknown}
 f - a scroll of enchant weapon {unknown}
Potions
 g - 2 potions of lignification {unknown}
Books
 c - a book of Battle

   Spells                             Type                      Level
   a - Infusion                       Charms                       1
   b - Shroud of Golubria             Charms/Translocation         2
   c - Song of Slaying                Charms                       2
   d - Spectral Weapon                Hexes/Charms                 3
   e - Regeneration                   Charms/Necromancy            3
Comestibles
 d - a bread ration


   Skills:
 - Level 1.7 Fighting
 + Level 2.2 Long Blades
 - Level 0.7 Armour
 - Level 0.7 Dodging
 - Level 2.1 Spellcasting
 - Level 3.0 Charms


You had 3 spell levels left.
You knew the following spells:

 Your Spells              Type           Power        Failure   Level  Hunger
a - Infusion              Chrm           #...         12%         1    ##.....


Dungeon Overview and Level Annotations

Branches:
Dungeon (2/15)

Altars:

Annotations:
D:2 Terence


Innate Abilities, Weirdness & Mutations

You have extremely sharp teeth.
When hurt, damage is shared between your health and your magic reserves.
Your bite disrupts and absorbs the magic of your enemies.
Potions and wands cannot restore your health.
You are immune to rotting.


Message History

You are too injured to fight recklessly!
You are too injured to fight recklessly!
You are too injured to fight recklessly!
You are too injured to fight recklessly!
You are too injured to fight recklessly!
You are too injured to fight recklessly!
You are too injured to fight recklessly!
You are too injured to fight recklessly!
You are too injured to fight recklessly!
You are too injured to fight recklessly!
You are too injured to fight recklessly!
You are too injured to fight recklessly!
You are too injured to fight recklessly!
You hit Terence but do no damage. You bite Terence, but do no damage.
Terence is heavily wounded.
Terence barely misses you.
You barely miss Terence. Your bite misses Terence.
Terence is heavily wounded.
Terence hits you with a short sword.
You die...

#.#####+#........#..
#.# #............
#########.#
+.........###
#......<#.#
#.....(......
#.#######.#
#............ #.#
#.# ##........#...
#.#######.#
#.........#...
......#...#
#@####+#+## ..
#.###.###.# #@# #+#
#.# #.# #....#
....#.###.# ######
....#..)..#+####
......†........#
...#...........# ..
#...........#
#####....#### ######


You could see Terence.

Vanquished Creatures
  A giant cockroach (D:2)
  A goblin (D:2)
  A hobgoblin (D:1)
  A kobold (D:2)
4 creatures vanquished.

Notes
Turn   | Place    | Note
-------+----------+-------------------------------------------
     0 | D:1      | jacquesderrida the Vine Stalker Skald began the quest for the Orb.
     0 | D:1      | Reached XP level 1. HP: 11/11 MP: 4/4
   167 | D:2      | Noticed Terence
   185 | D:2      | Slain by Terence

Vault maps used:
D:1:      dpeg_arrival_solitude
D:2:      uniq_terence

Skill      XL: |  1 |
---------------+----+-----
Long Blades    | 2 |  2.2
Fighting       | |  1.7
Armour         | |  0.7
Dodging        | |  0.7
Spellcasting   | |  2.1
Charms         | |  3.0

Action                   || total
-------------------------++-------
Melee: Falchion          ||    21
       Bite              ||     5
Armor: Leather armour    ||     3
Dodge: Dodged            ||    11
